 Dungeon Sprint DCSS version 0.27.1-1-g398f81649c (webtiles) character file.

Game seed: 6211012649624017618

99 ugugthedestroyer the Chopper (level 4, 0/35 HPs)
             Began as a Demonspawn Gladiator on Sept 6, 2021.
             Was an Elder of Cheibriados.
             Slain by a gnoll (2 damage)
             ... in the Dungeon (Sprint VII: "The Pits").
             The game lasted 00:02:27 (307 turns).

ugugthedestroyer the Chopper (Demonspawn Gladiator)  Turns: 307, Time: 00:02:27

Health: 0/35       AC:  9    Str: 24    XL:     4   Next: 45%
Magic:  4/4        EV: 15    Int: 18    God:    Cheibriados [****..]
Gold:   0          SH:  4    Dex: 24    Spells: 3/3 levels left

rFire    . . .     SeeInvis .   m - +2 hand axe (vorpal)
rCold    . . .     Faith    .   (no shield)
rNeg     . . .     Spirit   .   n - +3 ring mail
rPois    .         Reflect  .   c - +0 helmet
rElec    .         Harm     .   (no cloak)
rCorr    .         Rampage  .   (no gloves)
Will     .....     NoTele   +   (no boots)
Stlth    +.........             (no amulet)
HPRegen  0.11/turn              (no ring)
MPRegen  0.09/turn              (no ring)

@: very slow
A: large bone plates 1
a: Renounce Religion, Bend Time, Temporal Distortion, Slouch


You were in the Dungeon.
You worshipped Cheibriados.
Cheibriados was greatly pleased with you.
You visited 1 branch

Inventory:

Hand Weapons
 m - a +2 vorpal hand axe (weapon)
Armour
 c - a +0 helmet (worn)
 n - a +3 ring mail (worn)
Scrolls
 j - a scroll of blinking
Potions
 e - 6 potions of curing
 f - 4 potions of heal wounds
 h - 4 potions of magic
 l - 2 potions of invisibility


   Skills:
 + Level 3.5 Fighting
 + Level 6.1 Axes
 - Level 1.7 Throwing
 + Level 1.0 Armour
 + Level 5.7 Dodging


You had 3 spell levels left.
You didn't know any spells.
Your spell library was empty.

Dungeon Overview and Level Annotations

Branches:
Dungeon (1/1)

Altars:
Ashenzari
Cheibriados
Dithmenos
Elyvilon
Fedhas
Gozag
Hepliaklqana
Kikubaaqudgha
Makhleb
Nemelex Xobeh
Okawaru
Qazlal
Ru
Sif Muna
Trog
Uskayaw
Vehumet
Wu Jian
Xom
Yredelemnul
Zin
The Shining One
Beogh
Jiyva
Lugonu


Innate Abilities, Weirdness & Mutations

You are partially covered in large bone plates. (SH +4)


Message History

The gnoll is heavily wounded.
The gnoll hits you with a +0 flail! You block the gnoll sergeant's attack.
You hit the gnoll.
The gnoll is almost dead.
The gnoll closely misses you. You block the gnoll sergeant's attack.
You hit the gnoll.
You kill the gnoll!
Cheibriados appreciates the change of pace.
The gnoll sergeant closely misses you.
Your Axes skill increases to level 6!
You feel much better. The gnoll closely misses you.
The gnoll sergeant hits you but does no damage.
You hit the gnoll.
The gnoll is heavily wounded.
The gnoll sergeant hits you from afar with a +0 spear!
The gnoll misses you.
You hit the gnoll.
You kill the gnoll!
Cheibriados appreciates the change of pace.
You can now inflict damage on those overly hasty.
Cheibriados raises the support of your attributes as your movement slows.
The gnoll sergeant hits you from afar with a +0 spear.
Your Armour skill increases to level 1!
You hit the flying skull but do no damage.
The flying skull misses you. You block the gnoll's attack.
The gnoll sergeant hits you from afar with a +0 spear!
The flying skull barely misses you.
You closely miss the flying skull. The flying skull hits you.
The gnoll sergeant misses you.
The gnoll hits you from afar with a +0 spear.
* * * LOW HITPOINT WARNING * * *
You closely miss the flying skull. The flying skull misses you.
The gnoll barely misses you.
The gnoll sergeant hits you but does no damage.
The flying skull hits you!
* * * LOW HITPOINT WARNING * * *
You closely miss the flying skull.
The flying skull hits you but does no damage.
The gnoll hits you from afar with a +0 spear.
You die...

#'#####'#####.....
#.#..#..#..##.....
#.#..+..)..#####'#
#.##)####'###.....
#.#.....).รท##.....
#.#........##.....
#.#####'#####...<.
#!#...))...##.....
#@#..[)))..##.....
#z###########.....
#gggW...# ######
#Org....# #5..#...#
#..## ..# #... .#
#... # #....


You could see an ogre, a gnoll sergeant, a flying skull, 2 gnolls, a crimson imp
and a quokka.

Vanquished Creatures
  A scorpion (D)
  2 gnolls (D)
  An adder (D)
  An orc (D)
  A ball python (D)
  An endoplasm (D)
  2 giant cockroaches (D)
  2 goblins (D)
  A quokka (D)
12 creatures vanquished.

Notes
Turn   | Place    | Note
-------+----------+-------------------------------------------
     0 | D        | ugugthedestroyer the Demonspawn Gladiator began the quest
                  | for the Orb.
     0 | D        | Reached XP level 1. HP: 16/16 MP: 1/1
    14 | D        | Reached skill level 3 in Axes
    37 | D        | Found a bloodstained altar of Trog.
    37 | D        | Found a shimmering blue altar of Sif Muna.
    37 | D        | Found a viscous altar of Jiyva.
    37 | D        | Found a hazy altar of Hepliaklqana.
    37 | D        | Found an opulent altar of Gozag.
    38 | D        | Found a basalt altar of Yredelemnul.
    38 | D        | Found a shimmering altar of Xom.
    38 | D        | Found an ornate altar of the Wu Jian Council.
    38 | D        | Found a sacrificial altar of Ru.
    38 | D        | Found a stormy altar of Qazlal.
    38 | D        | Found an iron altar of Okawaru.
    38 | D        | Found a sparkling altar of Nemelex Xobeh.
    38 | D        | Found a burning altar of Makhleb.
    38 | D        | Found a blossoming altar of Fedhas.
    38 | D        | Found a shadowy altar of Dithmenos.
    38 | D        | Found a snail-covered altar of Cheibriados.
    41 | D        | Found a corrupted altar of Lugonu.
    41 | D        | Found a radiant altar of Vehumet.
    42 | D        | Found an ancient bone altar of Kikubaaqudgha.
    42 | D        | Found a hide-covered altar of Uskayaw.
    42 | D        | Found a broken altar of Ashenzari.
    49 | D        | Became a worshipper of Cheibriados the Contemplative
    76 | D        | Reached * piety under Cheibriados
    81 | D        | Noticed a scorpion
    88 | D        | Killed a scorpion
    89 | D        | Reached skill level 5 in Axes
    89 | D        | Reached skill level 5 in Dodging
    89 | D        | Gained mutation: You are partially covered in large bone
                  | plates. (SH +4) [demonic ancestry]
    89 | D        | Reached XP level 2. HP: 22/24 MP: 2/2
    89 | D        | Reached XP level 3. HP: 26/29 MP: 3/3
    90 | D        | Reached ** piety under Cheibriados
    98 | D        | Reached *** piety under Cheibriados
    99 | D        | Reached XP level 4. HP: 22/35 MP: 4/4
   289 | D        | Noticed a gnoll sergeant
   290 | D        | Noticed a phantom
   290 | D        | Noticed an ogre
   290 | D        | Noticed a flying skull
   301 | D        | Reached skill level 6 in Axes
   303 | D        | Reached **** piety under Cheibriados
   304 | D        | Reached skill level 1 in Armour
   307 | D        | Slain by a gnoll

Illustrated notes

Levels and vault maps discovered:
D:        pitsprint [storerooms_1, entrance_room_1, metal_vault_5, armoury_1,
          mini_pit_1, grid_room_1, main_hall_1, silver_pit, the_coven_1,
          the_vestibule_1, steel_vault_5, golden_pit, hallway_of_sentries,
          crystal_vault_5, iron_vault_4, final_vault]

Skill      XL: |  1  2  3  4 |
---------------+-------------+-----
Axes           | 5 6 |  6.1
Dodging        | 5 |  5.7
Fighting       | 3 |  3.5
Armour         | 1 |  1.0
Throwing       | |  1.7

Action                   |  1- 3 |  4- 6 || total
-------------------------+-------+-------++-------
Melee: Hand axe          |    19 |    19 ||    38
       War axe           |     1 |       ||     1
  Use: Potion            |       |     2 ||     2
Armor: Leather armour    |     5 |       ||     5
       Ring mail         |       |     8 ||     8
Dodge: Dodged            |    22 |    17 ||    39
Block: Other             |     2 |     5 ||     7
